 Dungeon Crawl Stone Soup version 0.28-a0-1206-g193881aaa2 (webtiles) character file.

Game seed: 7569752211558589932

1392 karrick the Cudgeller (level 8, -7/51 HPs)
             Began as a Gargoyle Fighter on Dec 20, 2021.
             Killed from afar by a steam dragon (14 damage)
             ... with a ball of steam
             ... on level 5 of the Dungeon.
             The game lasted 00:07:06 (5873 turns).

karrick the Cudgeller (Gargoyle Fighter)            Turns: 5873, Time: 00:07:07

Health: -7/51      AC: 14    Str: 21    XL:     8   Next: 68%
Magic:  8/8        EV: 10    Int:  8    God:
Gold:   256        SH:  6    Dex: 17    Spells: 7/7 levels left

rFire   . . .      SeeInvis .   o - +0 whip (elec)
rCold   + . .      Faith    .   c - +0 buckler
rNeg    + . .      Spirit   .   b - +0 scale mail
rPois   ∞          Reflect  .   (no helmet)
rElec   +          Harm     .   (no cloak)
rCorr   .          Rampage  .   (no gloves)
Will    .....                   i - +0 pair of boots
Stlth   +.........              (no amulet)
HPRegen 0.17/turn               u - +6 ring of dexterity
MPRegen 0.11/turn               C - ring of protection from cold

@: no status effects
A: sickness immunity, AC +5, negative energy resistance 1, electricity
resistance, torment resistance 1, petrification resistance
a: no special abilities


You were on level 5 of the Dungeon.
You visited 1 branch of the dungeon, and saw 6 of its levels.
You also visited: Sewer.

You collected 256 gold pieces.

Inventory:

Hand Weapons
 a - a +0 flail
 o - a +0 whip of electrocution (weapon)
Armour
 b - a +0 scale mail (worn)
 c - a +0 buckler (worn)
 i - a +0 pair of boots (worn)
 p - a +2 chain mail of poison resistance
Jewellery
 k - a ring of fire
 u - a +6 ring of dexterity (left hand)
 w - a ring of magical power
 C - a ring of protection from cold (right hand)
Wands
 q - a wand of iceblast (10)
 r - a wand of acid (12)
Scrolls
 e - 3 scrolls of fear {unknown}
 f - 2 scrolls of identify {unknown}
 h - 2 scrolls of enchant armour {unknown}
 j - a scroll of torment {unknown}
 l - 5 scrolls of teleportation {unknown}
 m - a scroll of blinking {unknown}
 t - 2 scrolls of magic mapping {unknown}
 v - a scroll of fog {unknown}
 y - a scroll of vulnerability {unknown}
 B - a scroll of noise {unknown}
Potions
 d - a potion of might
 g - a potion of ambrosia {unknown}
 n - 3 potions of curing
 s - a potion of flight {unknown}
 x - a potion of cancellation {unknown}
 z - a potion of brilliance {unknown}
 A - a potion of resistance {unknown}


   Skills:
 + Level 6.1 Fighting
 + Level 6.6 Maces & Flails
 + Level 6.3 Armour
 - Level 1.1 Dodging
 + Level 2.0 Stealth
 + Level 5.2 Shields


You had 7 spell levels left.
You didn't know any spells.
Your spell library contained the following spells:

 Spells                   Type           Power      Damage    Failure   Level
 Magic Dart               Conj           0%         1d3       73%         1
 Shock                    Conj/Air       0%         1d3       73%         1
 Sting                    Tmut/Pois      0%         1d3       73%         1
 Poisonous Vapours        Pois/Air       0%         N/A       86%         2
 Searing Ray              Conj           0%         2d4       86%         2
 Swiftness                Air            0%         N/A       97%         3
 Airstrike                Air            0%         N/A       100%        4
 Animate Dead             Necr           0%         N/A       100%        4
 Fulminant Prism          Conj/Hex       0%         3d6       100%        4
 Olgreb's Toxic Radiance  Pois           0%         N/A       100%        4
 Borgnjor's Vile Clutch   Necr/Erth      0%         N/A       100%        5
 Death Channel            Necr           0%         N/A       100%        6


Dungeon Overview and Level Annotations

Branches:
Dungeon (6/15)             Temple (0/1) D:6           Sewer (visited)

Altars:
Qazlal


Innate Abilities, Weirdness & Mutations

You are immune to sickness and miasma.
Your stone body is resilient. (AC +5)
You are immune to poison.
You resist negative energy. (rN+)
You are resistant to electric shocks. (rElec)
You are resistant to unholy torment.
You are immune to petrification.


Message History

* * * LOW HITPOINT WARNING * * *
You are too injured to fight recklessly!
You closely miss the steam dragon.
The steam dragon is almost dead.
You are engulfed in a cloud of scalding steam.
* * * LOW HITPOINT WARNING * * *
The steam dragon bites you.
* * * LOW HITPOINT WARNING * * *
The steam dragon completely misses you.
The centaur zombie is engulfed in a cloud of scalding steam.
It was a potion of curing.
You feel better.
The centaur zombie hits you but does no damage.
The centaur zombie kicks you but does no damage.
The steam dragon bites you.
* * * LOW HITPOINT WARNING * * *
The steam dragon closely misses you.
You closely miss the steam dragon.
The steam dragon is almost dead.
You hit the centaur zombie but do no damage.
Lightning courses through the centaur zombie!!
The centaur zombie is almost destroyed.
The centaur zombie hits you but does no damage.
You block the centaur zombie's attack.
You hit the centaur zombie.
The centaur zombie is almost destroyed.
The centaur zombie hits you but does no damage.
The centaur zombie closely misses you.
You whack the centaur zombie!
You destroy the centaur zombie!
You barely miss the steam dragon.
The steam dragon is almost dead.
You closely miss the steam dragon.
The steam dragon is almost dead.
The steam dragon bites you but does no damage.
The steam dragon claws you but does no damage.
You hit the steam dragon.
The steam dragon is almost dead.
The steam dragon breathes steam at you. The ball of steam hits you!
You die...

#.⌠...⌠.# ## #.≈≈≈≈
#.......#..### #.≈≈_≈
####'####..... ##
#.≈≈.≈ #......# ..#
#.≈≈.≈
###..########.###.≈≈.≈
##..........##..≈...
#..###.###.##..≈.8.
#..#.....#..<......
#.@#..>..#.#.....##
#(.D.......#.......
#..#.....#.##....##
#..#.....#.#######
#..###.###.#
#..........#
#........###
##########


You could see a steam dragon (catching breath).

Vanquished Creatures
  A water moccasin (D:6)
  3 ice beasts
  A necrophage (D:6)
  An ogre (D:6)
  A centaur (D:6)
  A phantom (D:6)
  A scorpion (D:5)
  A centaur zombie (D:5)
  A hound (D:4)
  2 bullfrog skeletons
  3 jellies (D:6)
  Jessica (D:3)
  Ijyb (D:3)
  Terence (D:3)
  5 iguanas
  An orc wizard (D:3)
  A hound zombie (D:5)
  A hound skeleton (D:4)
  9 adders
  A howler monkey skeleton (D:6)
  An ufetubus (D:5)
  2 worms
  5 dart slugs
  4 orcs
  4 endoplasms
  2 giant cockroaches
  2 goblins
  5 hobgoblins
  9 jackals
  9 kobolds
  A quokka (D:1)
  6 ball pythons
  4 bats
  8 frilled lizards
  3 rats
102 creatures vanquished.

Vanquished Creatures (others)
  2 plants (Sewer)
2 creatures vanquished.

Grand Total: 104 creatures vanquished

Notes
Turn   | Place    | Note
-------+----------+-------------------------------------------
     0 | D:1      | karrick the Gargoyle Fighter began the quest for the Orb.
     0 | D:1      | Reached XP level 1. HP: 14/14 MP: 1/1
    54 | D:1      | Reached XP level 2. HP: 11/19 MP: 2/2
   520 | D:1      | Found a faded altar of an unknown god.
   873 | D:2      | Reached XP level 3. HP: 23/23 MP: 3/3
  1639 | D:3      | Noticed Ijyb
  1789 | D:3      | Noticed Jessica
  1800 | D:3      | Killed Jessica
  1801 | D:3      | Reached XP level 4. HP: 19/29 MP: 4/4
  2067 | D:3      | Reached skill level 1 in Dodging
  2108 | D:3      | Reached XP level 5. HP: 29/33 MP: 5/5
  2159 | D:3      | Noticed Terence
  2171 | D:3      | Killed Terence
  2273 | D:3      | Killed Ijyb
  2718 | D:4      | Reached XP level 6. HP: 33/39 MP: 6/6
  3353 | D:5      | Entered Level 5 of the Dungeon
  3356 | D:5      | Noticed an ice beast
  3379 | D:5      | Killed an ice beast
  3380 | D:5      | Reached skill level 1 in Stealth
  3531 | D:5      | Reached XP level 7. HP: 38/44 MP: 7/7
  3904 | D:5      | Found a stormy altar of Qazlal.
  3934 | D:5      | Noticed a steam dragon
  4091 | D:6      | Found a staircase to the Ecumenical Temple.
  4099 | D:6      | Reached skill level 5 in Fighting
  4099 | D:6      | Reached skill level 5 in Maces & Flails
  4099 | D:6      | Reached skill level 5 in Armour
  4198 | D:6      | Found a glowing drain.
  4203 | Sewer    | Entered a sewer
  4884 | D:6      | Reached XP level 8. HP: 20/49 MP: 8/8
  5212 | D:6      | Reached skill level 5 in Shields
  5861 | D:5      | HP: 1/51 [steam dragon (3)]
  5873 | D:5      | Killed from afar by a steam dragon

Illustrated notes

Levels and vault maps discovered:
D:1:      dpeg_arrival_simpleton_b, layout_rooms,
          nicolae_ecumenical_lake_church, dk_noncrumbling_4
D:2:      layout_basic
D:3:      layout_rooms, uniq_terence, uniq_jessica, uniq_ijyb
D:4:      layout_cave_pods, minmay_misc_feat_four_crosses
D:5:      layout_rooms, mainiacjoe_overflow_catwalk,
          nicolae_concentric_dashed_squares_mild, minmay_holes,
          grunt_ministairs_6, minmay_fountain_box, st_stairs_3, uniq_eustachio,
          uniq_crazy_yiuf_cottage
D:6:      layout_loops_ring, minmay_temple_entry_poolview, portal_sewer_entry_e

Skill      XL: |  1  2  3  4  5  6  7  8 |
---------------+-------------------------+-----
Fighting       | 4 5 6 |  6.1
Maces & Flails | 3 4 5 6 |  6.6
Dodging        | 1 |  1.1
Armour         | 4 5 6 |  6.3
Shields        | 4 5 |  5.2
Stealth        | 1 2 |  2.0

Action                   |  1- 3 |  4- 6 |  7- 9 || total
-------------------------+-------+-------+-------++-------
Melee: Flail             |   126 |    44 |       ||   170
       Whip              |       |   111 |   239 ||   350
  Use: Potion            |       |       |     2 ||     2
Armor: Scale mail        |    77 |    61 |    95 ||   233
Dodge: Dodged            |    65 |    65 |    86 ||   216
Block: Buckler           |    24 |    29 |    44 ||    97

Table legend: (Time is in decaauts)
 A = Elapsed time spent in this place.
 B = Non-inter-level travel time spent in this place.
 C = Inter-level travel time spent in this place.
 D = Time resting spent in this place.
 E = Time spent auto-exploring this place.
 F = Levels seen in this place.
 G = Mean time per level.
                   A        B        C        D        E       F      G
               +--------+--------+--------+--------+--------+-----+--------+
         Total |   6026 |   5859 |    167 |    113 |   4707 |   7 |  860.9 |
       Dungeon |   5321 |   5154 |    167 |    113 |   4150 |   6 |  886.8 |
         Sewer |    705 |    705 |      0 |      0 |    557 |   1 |  705.0 |
               +--------+--------+--------+--------+--------+-----+--------+

Top non-repeatable levels by time:
     D:6: 1158 daAuts
     D:2: 955 daAuts
     D:3: 858 daAuts
     D:4: 807 daAuts
     D:1: 789 daAuts
     D:5: 752 daAuts
   Sewer: 705 daAuts
